 Seeded DCSS version 0.29-a0-350-g7790a0e70a (webtiles) character file.

Game seed: 7774103814747607012 (custom seed)

1395 zeratav the Grappler (level 8, -1/69 HPs)
             Began as a Naga Fighter on Apr 22, 2022.
             Was a Follower of Cheibriados.
             Slain by a vampire (3 damage)
             ... on level 6 of the Dungeon.
             The game lasted 00:12:35 (6841 turns).

zeratav the Grappler (Naga Fighter)                 Turns: 6841, Time: 00:12:36

Health: -1/69      AC:  9    Str: 23    XL:     8   Next: 68%
Magic:  8/8        EV:  4    Int: 13    God:    Cheibriados [*.....]
Gold:   296        SH:  5    Dex: 18    Spells: 7/7 levels left

rFire   . . .      SeeInvis +   y - +5 falchion of the Endless Expanse {freeze, rElec Int-4 SInv, long}
rCold   . . .      Faith    .   b - +0 buckler
rNeg    . . .      Spirit   .   f - +0 plate armour
rPois   +          Reflect  .   (no helmet)
rElec   +          Harm     .   g - +0 cloak
rCorr   .          Rampage  .   (no gloves)
Will    +....                   (no barding)
Stlth   ..........              (no amulet)
HPRegen 0.21/turn               t - +6 ring of intelligence
MPRegen 0.11/turn               x - +6 ring of dexterity

@: very slow
A: AC +2, large, see invisible, deformed body, poison resistance, slowness 2,
spit poison 1, naga tail 1
a: Spit Poison, Renounce Religion, Bend Time


You were on level 6 of the Dungeon.
You worshipped Cheibriados.
Cheibriados was aware of your devotion.
You visited 1 branch of the dungeon, and saw 6 of its levels.

You collected 296 gold pieces.


Innate Abilities, Weirdness & Mutations

Your serpentine skin is tough. (AC +2)
You have supernaturally acute eyesight. (SInv)
Armour fits poorly on your strangely shaped body.
Your system is resistant to poisons. (rPois)
You cover ground very slowly.
You can spit poison.
You have a snake-like lower body.


   Skills:
 - Level 3.0 Fighting
 - Level 2.4 Armour
 - Level 2.4 Shields
 - Level 8.0 Unarmed Combat
 + Level 6.8 Transmutations


You had 7 spell levels left.
You didn't know any spells.
Your spell library contained the following spells:

 Spells                   Type           Power      Damage    Failure   Level
 Blink                    Tloc           0%         N/A       100%        2
 Static Discharge         Conj/Air       0%         N/A       100%        2
 Confusing Touch          Hex            0%         N/A       100%        3
 Lesser Beckoning         Tloc           0%         N/A       100%        3
 Lightning Bolt           Conj/Air       0%         1d11      100%        5
 Manifold Assault         Tloc           0%         N/A       100%        5
 Yara's Violent Unravell  Hex/Tmut       4%         3d4       100%        5
 Enfeeble                 Hex            0%         N/A       100%        7
 Maxwell's Capacitive Co  Air            0%         ∞         100%        8

Inventory:

Hand Weapons
 w - the +8 short sword "Kuakk" {venom, +Blink Will+ Int+3, short}
   (You found it on level 4 of the Dungeon)

   It poisons the flesh of those it strikes.
   Int:       It affects your intelligence (+3).
   +Blink:    It lets you blink.
   Will:      It increases your willpower.
 y - the +5 falchion of the Endless Expanse (weapon) {freeze, rElec Int-4 SInv, long}
   (You found it on level 3 of the Dungeon)

   It freezes those it strikes, dealing additional cold damage.
   It can also slow down cold-blooded creatures.
   Int:       It affects your intelligence (-4).
   rElec:     It insulates you from electricity.
   SInv:      It lets you see invisible.
Armour
 a - a +0 scale mail
 b - a +0 buckler (worn)
 f - a +0 plate armour (worn)
   (You found it on level 3 of the Dungeon)
 g - a +0 cloak (worn)
   (You found it on level 4 of the Dungeon)
 m - a +0 chain mail
   (You found it on level 4 of the Dungeon)
 s - a scarf of invisibility
   (You found it on level 3 of the Dungeon)
 z - a +0 leather armour
   (You found it on level 5 of the Dungeon)
 A - a +0 leather armour
   (You took it off an orc on level 5 of the Dungeon)
 B - a +0 leather armour
   (You took it off a gnoll on level 5 of the Dungeon)
 C - a +0 leather armour
   (You took it off Ijyb on level 5 of the Dungeon)
 E - a +0 ring mail
   (You took it off a gnoll sergeant on level 5 of the Dungeon)
 F - a +0 robe
   (You took it off a gnoll shaman on level 5 of the Dungeon)
 H - a +0 ring mail
   (You took it off a gnoll sergeant on level 5 of the Dungeon)
 I - a +0 ring mail
   (You took it off a gnoll sergeant on level 5 of the Dungeon)
 J - a +0 ring mail
   (You found it on level 5 of the Dungeon)
 K - a +0 leather armour
   (You took it off an orc on level 5 of the Dungeon)
 L - a +0 leather armour
   (You took it off an orc on level 6 of the Dungeon)
 M - a +0 robe
   (You took it off an orc wizard on level 6 of the Dungeon)
Jewellery
 t - a +6 ring of intelligence (left hand)
   (You found it on level 3 of the Dungeon)
 x - a +6 ring of dexterity (right hand)
   (You took it off an orc on level 3 of the Dungeon)
Wands
 h - a wand of digging (5)
   (You found it on level 4 of the Dungeon)
 q - a wand of polymorph (7)
   (You found it on level 2 of the Dungeon)
 v - a wand of acid (5)
   (You took it off a hobgoblin on level 3 of the Dungeon)
Scrolls
 d - 2 scrolls of fog {unknown}
 e - a scroll of magic mapping {unknown}
 i - a scroll of immolation {unknown}
 j - 3 scrolls of teleportation {unknown}
 n - 2 scrolls of enchant weapon {unknown}
 o - 3 scrolls of identify {unknown}
 p - 2 scrolls of enchant armour {unknown}
 r - a scroll of silence {unknown}
 u - a scroll of vulnerability {unknown}
 D - a scroll of brand weapon {unknown}
Potions
 c - a potion of might
 k - 2 potions of curing {unknown}
 l - a potion of heal wounds {unknown}
 G - a potion of cancellation {unknown}

Dungeon Overview and Level Annotations

Branches:
Dungeon (6/15)             Temple (0/1) D:5

Altars:
Ashenzari
Cheibriados
Elyvilon
Hepliaklqana
Kikubaaqudgha
Okawaru
Ru
Uskayaw

Shops:
D:2 ( D:5

( .........
.......$..
.....!....
#+######......#
#.....##......##
#...........<..#
#..............+
#..............#
#............V@#
#..............#
#....########..#
#..).## #..#
#<)...# .....
#.)...# ......#
#.....+ .......#
#....##
..##.#### #....#
... #.#


You could see a vampire (invisible).


Message History

HP[-1]
You take 1 damage, and now have 68/69 hp.
You slash the orc! You freeze the orc.
You kill the orc!
Cheibriados appreciates the change of pace.
The orc hits you but does no damage. x2
You closely miss the orc. You block the orc's attack.
HP[+1]
Your hp is fully restored (69).
You slash the orc! You freeze the orc.
You kill the orc!
Cheibriados appreciates the change of pace.
L - a +0 leather armour
Things that are here:
a +0 dagger {short}; an orc corpse
Aiming: Spit Poison (1% risk of failure)
Press: ? - help, Q - select action, (/) - cycle Shift-Dir - straight line, f - orc wizard
Aim: an orc wizard, wielding a +0 dagger and wearing a +0 robe (55% to hit)
The splash of poison hits the orc wizard!
The orc wizard is poisoned.
The orc wizard hits you but does no damage.
You hit the orc wizard. You freeze the orc wizard.
You have got your breath back.
You block the orc wizard's attack.
You hit the orc wizard. You freeze the orc wizard.
You kill the orc wizard!
Cheibriados thoroughly appreciates the change of pace.
M - a +0 robe You see here a +0 dagger {short}.
Found 18 gold pieces.
Found a stone staircase leading up.
You now have 296 gold pieces (gained 18).
A vampire comes into view.
The vampire moves out of view.
o - 3 scrolls labelled RANYPY ARGHAONI (gained 1)
Aiming: Spit Poison (1% risk of failure)
Press: ? - help, Q - select action, (/) - cycle Shift-Dir - straight line, f - you That beam is likely to hit you.
Continue anyway? [Y]es or [N]o only, please.
That beam is likely to hit you.
Continue anyway? [Y]es or [N]o only, please.
That beam is likely to hit you.
Continue anyway?
Okay, then.
Aiming: Spit Poison (1% risk of failure)
Press: ? - help, Q - select action, (/) - cycle Shift-Dir - straight line, f - vampire
Aim: a vampire (64% to hit)
The splash of poison hits the vampire.
The vampire completely resists.
You barely miss the vampire.
The vampire points at you and mumbles some strange words.
You are confused.
The vampire mumbles some strange words.
The vampire flickers and vanishes for a moment.
You have got your breath back.
The vampire hits you but does no damage.
The vampire bites you!
The vampire draws strength from your injuries!
The vampire hits you but does no damage.
The vampire bites you!
The vampire draws strength from your injuries!
HP[-15]
You take 15 damage, and now have 54/69 hp.
MASSIVE DAMAGE!! (PAUSE)
You barely miss the vampire.
You feel less confused.
The vampire hits you but does no damage.
You block the vampire's attack. The vampire hits you!
The vampire bites you but does no damage.
HP[-8]
You take 8 damage, and now have 46/69 hp.
You slash the vampire! You freeze the vampire. The vampire barely misses you.
The vampire bites you but does no damage.
HP[+1]
You closely miss the vampire.
The vampire hits you but does no damage.
The vampire closely misses you.
You hit the vampire. You freeze the vampire.
The vampire hits you but does no damage.
The vampire bites you.
The vampire draws strength from your injuries!
The vampire hits you! You block the vampire's attack.
HP[-11]
You take 11 damage, and now have 36/69 hp.
You hit the vampire. You freeze the vampire. The vampire hits you.
* * * LOW HITPOINT WARNING * * *
You block the vampire's attack.
HP[-4]
You take 4 damage, and now have 32/69 hp.
You barely miss the vampire. The vampire draws life force from you!
* * * LOW HITPOINT WARNING * * *
The vampire is healed by the life force!
HP[-12]
You take 12 damage, and now have 20/69 hp.
You hit the vampire but do no damage. The vampire hits you.
* * * LOW HITPOINT WARNING * * *
The vampire bites you!
* * * LOW HITPOINT WARNING * * *
The vampire draws strength from your injuries!
The vampire hits you!
* * * LOW HITPOINT WARNING * * *
The vampire bites you.
You die...

Skill      XL: |  1  2  3  4  5  6  7  8 |
---------------+-------------------------+-----
Unarmed Combat | 3 4 5 6 7 8 |  8.0
Transmutations | 3 6 |  6.8
Fighting       | |  3.0
Armour         | |  2.4
Shields        | |  2.4

Action                   |  1- 3 |  4- 6 |  7- 9 || total
-------------------------+-------+-------+-------++-------
Melee: Rapier            |   122 |    44 |       ||   166
       Unarmed           |    12 |       |       ||    12
       Falchion          |       |    66 |   136 ||   202
 Abil: Spit Poison       |       |     2 |    15 ||    17
  Use: Potion            |       |     3 |     1 ||     4
Armor: Scale mail        |    58 |    16 |       ||    74
       Skin              |       |    11 |    18 ||    29
       Plate armour      |       |    24 |   113 ||   137
Dodge: Dodged            |    56 |    26 |    34 ||   116
Block: Buckler           |    36 |    29 |    46 ||   111

Levels and vault maps discovered:
D:1:      tarquinn_simple_flora_water_d, layout_basic,
          hellmonk_ecumenical_altar_lost_god
D:2:      layout_basic, serial_shops,
          nicolae_shop_temple_entry_statues_fountains
D:3:      layout_rooms, kennysheep_generic_room_13
D:4:      layout_loops_ring, grunt_temple_overflow_open,
          worldfamousw_hep_ancestral_shrine
D:5:      layout_cave_pools, lemuel_temple_firewalk_b, serial_gnoll_camp,
          gnoll_camp_huts_basic, grums_kennel, gnoll_camp_mini_house,
          gnoll_camp_mini_shop, gnoll_camp_mini_hut, uniq_menkaure, uniq_ijyb
D:6:      layout_gridville, nzn_wu_jian_council_hall,
          nicolae_vehumet_altar_sigil, mainiacjoe_overflow_surrounded_room,
          minmay_hedge_maze, uniq_grinder, uniq_crazy_yiuf_cottage

Notes
Turn   | Place    | Note
-------+----------+-------------------------------------------
     0 | D:1      | zeratav the Naga Fighter began the quest for the Orb.
     0 | D:1      | Reached XP level 1. HP: 21/21 MP: 1/1
     0 | D:1      | magus.rc [v1.9.6]
   390 | D:1      | Reached XP level 2. HP: 19/28 MP: 2/2
   638 | D:1      | Found a faded altar of an unknown god.
   732 | D:1      | Reached skill level 3 in Unarmed Combat
   927 | D:1      | Reached XP level 3. HP: 33/34 MP: 3/3
  1073 | D:2      | Found Joxaot's Weapon Shop.
  1561 | D:2      | Reached skill level 4 in Unarmed Combat
  1646 | D:3      | Reached XP level 4. HP: 40/42 MP: 4/4
  2074 | D:3      | HP: 3/42 [hobgoblin/bolt of acid (37)]
  2476 | D:3      | Identified the +5 falchion of the Endless Expanse {freeze,
                  | rElec Int-4 SInv}
  2710 | D:4      | HP: 6/42 [gnoll/+0 club (5)]
  2712 | D:4      | HP: 1/42 [gnoll/+0 vampiric spear (4)]
  2729 | D:4      | Reached skill level 5 in Unarmed Combat
  2729 | D:4      | Reached XP level 5. HP: 5/49 MP: 5/5
  3092 | D:4      | Noticed a water moccasin
  3152 | D:4      | Noticed a water moccasin
  3160 | D:4      | Killed a water moccasin
  3161 | D:4      | Reached skill level 6 in Unarmed Combat
  3236 | D:4      | Reached XP level 6. HP: 53/56 MP: 6/6
  3304 | D:4      | Found a snail-covered altar of Cheibriados.
  3305 | D:4      | Found an iron altar of Okawaru.
  3306 | D:4      | Found a broken altar of Ashenzari.
  3307 | D:4      | Found an ancient bone altar of Kikubaaqudgha.
  3308 | D:4      | Found a white marble altar of Elyvilon.
  3308 | D:4      | Found a hide-covered altar of Uskayaw.
  3310 | D:4      | Found a sacrificial altar of Ru.
  3400 | D:4      | Found a hazy altar of Hepliaklqana.
  3504 | D:4      | Identified the +8 short sword "Kuakk" {venom, +Blink Will+
                  | Int+3}
  3603 | D:5      | Entered Level 5 of the Dungeon
  3661 | D:5      | Reached skill level 7 in Unarmed Combat
  3707 | D:5      | Noticed Menkaure
  4244 | D:5      | Killed Menkaure
  4245 | D:5      | Reached XP level 7. HP: 41/62 MP: 7/7
  4533 | D:5      | Reached skill level 8 in Unarmed Combat
  4556 | D:4      | Became a worshipper of Cheibriados the Contemplative
  4593 | D:5      | Noticed Ijyb
  4598 | D:5      | Killed Ijyb
  4599 | D:5      | Reached skill level 1 in Transmutations
  4638 | D:5      | Reached skill level 2 in Transmutations
  4763 | D:5      | HP: 11/62 [gnoll/+0 spear (6)]
  4768 | D:5      | Reached skill level 3 in Transmutations
  4776 | D:5      | HP: 14/93 [gnoll/+0 spear (4)]
  4781 | D:5      | HP: 10/93 [gnoll/+0 spear (5)]
  5078 | D:5      | You pick up a book of Spatial Translocations and begin
                  | reading...
  5078 | D:5      | You add the spells Blink, Lesser Beckoning and Manifold
                  | Assault to your library.
  5083 | D:5      | Reached XP level 8. HP: 69/69 MP: 8/8
  5086 | D:5      | You pick up a book of Misfortune and begin reading...
  5086 | D:5      | You add the spells Confusing Touch, Yara's Violent
                  | Unravelling and Enfeeble to your library.
  5100 | D:5      | Reached skill level 4 in Transmutations
  5669 | D:5      | Reached skill level 5 in Transmutations
  5903 | D:5      | You pick up a book of Lightning and begin reading...
  5903 | D:5      | You add the spells Static Discharge, Lightning Bolt and
                  | Maxwell's Capacitive Coupling to your library.
  6184 | D:5      | Reached * piety under Cheibriados
  6336 | D:5      | Found Junneyfi's Antique Weapon Shoppe.
  6367 | D:5      | Reached skill level 6 in Transmutations
  6489 | D:5      | Found a staircase to the Ecumenical Temple.
  6827 | D:6      | Noticed a vampire
  6841 | D:6      | HP: 11/69 [vampire (7)]
  6841 | D:6      | HP: 2/69 [vampire (9)]
  6841 | D:6      | Slain by a vampire

Vanquished Creatures
  Menkaure (D:5)
  A water moccasin (D:4)
  A black bear (D:5)
  4 gnoll sergeants (D:5)
  2 scorpions
  A jelly (D:5)
  10 hounds (D:5)
  A gnoll shaman (D:5)
  2 orc wizards
  Ijyb (D:5)
  14 gnolls
  6 adders
  An ufetubus (D:5)
  3 worms
  A dart slug (D:3)
  5 orcs
  6 endoplasms
  2 giant cockroaches (D:1)
  3 goblins
  7 hobgoblins
  5 jackals
  A quokka (D:4)
  5 ball pythons
  4 bats
  3 frilled lizards
  9 kobolds
  8 rats
107 creatures vanquished.

Table legend:
 A = Non-vault XP
 B = Vault XP
 C = Vault XP percentage of total XP
 D = Non-vault monster count
 E = Vault monster count
 F = Vault count percentage of total count
                 A         B        C        D         E       F
            +---------+---------+-------+---------+---------+-------
      Total |     891 |    1103 |  55.3 |      78 |      29 |  27.1
            +---------+---------+-------+---------+---------+-------
        D:1 |      52 |       0 |   0.0 |      25 |       0 |   0.0
        D:2 |      18 |       0 |   0.0 |      12 |       0 |   0.0
        D:3 |      49 |       4 |   7.5 |      12 |       1 |   7.7
        D:4 |     303 |       0 |   0.0 |      15 |       0 |   0.0
        D:5 |     426 |    1099 |  72.1 |      11 |      28 |  71.8
        D:6 |      43 |       0 |   0.0 |       3 |       0 |   0.0
            +---------+---------+-------+---------+---------+-------

Illustrated notes

Table legend:
 A = Kills in this place as a percentage of kills in entire the game.
 B = Kills by you in this place as a percentage of kills by you in the entire game.
 C = Kills by friends in this place as a percentage of kills by friends in the entire game.
 D = Other kills in this place as a percentage of other kills in the entire game.
 E = Experience gained in this place as a percentage of experience gained in the entire game.
 F = Experience gained in this place divided by the number of levels of this place that you have seen.
                   A       B       C       D       E      F
               +-------+-------+-------+-------+-------+----------------------
         Total | 100.0 | 100.0 |   N/A |   N/A | 100.0 | 332.3
       Dungeon | 100.0 | 100.0 |   N/A |   N/A | 100.0 | 332.3
               +-------+-------+-------+-------+-------+----------------------

Table legend: (Time is in decaauts)
 A = Elapsed time spent in this place.
 B = Non-inter-level travel time spent in this place.
 C = Inter-level travel time spent in this place.
 D = Time resting spent in this place.
 E = Time spent auto-exploring this place.
 F = Levels seen in this place.
 G = Mean time per level.
                   A        B        C        D        E       F      G
               +--------+--------+--------+--------+--------+-----+--------+
         Total |   8152 |   7724 |    428 |   3120 |   3065 |   6 | 1358.7 |
       Dungeon |   8152 |   7724 |    428 |   3120 |   3065 |   6 | 1358.7 |
               +--------+--------+--------+--------+--------+-----+--------+

Top non-repeatable levels by time:
     D:5: 3145 daAuts
     D:4: 1848 daAuts
     D:1: 1511 daAuts
     D:3: 1145 daAuts
     D:2: 430 daAuts
     D:6: 70 daAuts
